 Dungeon Crawl Stone Soup version 0.27.1 (webtiles) character file.

Game seed: 7119118910461617026

21 zdrol the Skirmisher (level 2, -2/27 HPs)
             Began as a Minotaur Fighter on Sept 5, 2021.
             Slain by a phantom (7 damage)
             ... on level 4 of the Dungeon.
             The game lasted 00:01:01 (259 turns).

zdrol the Skirmisher (Minotaur Fighter)              Turns: 259, Time: 00:01:02

Health: -2/27      AC:  7    Str: 20    XL:     2   Next: 65%
Magic:  1/1        EV:  7    Int:  5    God:
Gold:   0          SH:  9    Dex:  9    Spells: 1/1 levels left

rFire    . . .     SeeInvis .   a - +0 long sword
rCold    . . .     Faith    .   c - +0 kite shield
rNeg     . . .     Spirit   .   b - +0 scale mail
rPois    .         Reflect  .   (helmet restricted)
rElec    .         Harm     .   (no cloak)
rCorr    .         Rampage  .   (no gloves)
Will     .....                  (no boots)
Stlth    ..........             (no amulet)
HPRegen  0.09/turn              (no ring)
MPRegen  0.07/turn              (no ring)

@: lethally poisoned (-2 -> -4)
A: horns 2, retaliatory headbutt
a: no special abilities


You were on level 4 of the Dungeon.
You visited 1 branch of the dungeon, and saw 4 of its levels.

Inventory:

Hand Weapons
 a - a +0 long sword (weapon)
Armour
 b - a +0 scale mail (worn)
 c - a +0 kite shield (worn)
Scrolls
 e - 2 scrolls of identify {unknown}
 f - a scroll of fog {unknown}
Potions
 d - a potion of might
 g - a potion of curing {unknown}


   Skills:
 + Level 4.1 Fighting
 + Level 2.6 Long Blades
 + Level 4.0 Armour
 + Level 4.0 Shields


You had one spell level left.
You didn't know any spells.
Your spell library was empty.

Dungeon Overview and Level Annotations

Branches:
Dungeon (4/15)
 Temple: D:4-7

Altars:


Innate Abilities, Weirdness & Mutations

You have a pair of horns on your head.
You reflexively headbutt those who attack you in melee.


Message History

The phantom is severely damaged.
You block the adder's attack. The phantom hits you.
The phantom blinks!
You blink.
A kobold comes into view. It is wielding a +0 club.
You block the phantom's attack.
You barely miss the phantom.
The phantom is severely damaged.
The phantom barely misses you. The kobold barely misses you.
You furiously retaliate!
You headbutt the kobold.
You kill the kobold!
The phantom hits you but does no damage.
You closely miss the phantom.
The phantom is severely damaged.
You block the phantom's attack. The adder bites you.
You are poisoned.
The adder poisons you!
You hit the phantom but do no damage.
The phantom is severely damaged.
You feel sick. You block the phantom's attack. The adder closely misses you.
You furiously retaliate!
You headbutt the adder! You block the phantom's attack.
You hit the phantom but do no damage.
The phantom is heavily damaged.
You feel sick. The adder bites you.
* * * LOW HITPOINT WARNING * * *
You block the adder's attack. The phantom barely misses you.
You riposte.
You hit the phantom but do no damage. You headbutt the phantom!
The phantom is almost destroyed.
You closely miss the phantom.
The phantom is almost destroyed.
You feel sick. The adder closely misses you. You furiously retaliate!
You headbutt the adder!
You kill the adder!
The phantom hits you.
* * * LOW HITPOINT WARNING * * *
The orc wizard mumbles some strange words.
The orc wizard flickers and vanishes!
Deactivating autopickup; reactivate with Ctrl-A.
The phantom hits you!
You die...

#..# .##
#...#### #...
##.......
..##.#.....
....#...#
#......##
#.)....# #.@#
#gW# ### #.##
#..## ##o#
#..########.K#
#............#
##.>.......o{#
##.######...##
###.### ##...#


You could see a phantom, a kobold brigand, an orc priest, an orc and a
hobgoblin.

Vanquished Creatures
  2 adders
  A worm (D:2)
  An orc (D:4)
  A ball python (D:1)
  A giant cockroach (D:2)
  A frilled lizard (D:1)
  3 kobolds
10 creatures vanquished.

Notes
Turn   | Place    | Note
-------+----------+-------------------------------------------
     0 | D:1      | zdrol the Minotaur Fighter began the quest for the Orb.
     0 | D:1      | Reached XP level 1. HP: 19/19 MP: 0/0
    98 | D:2      | Reached XP level 2. HP: 27/27 MP: 1/1
   241 | D:4      | Noticed a kobold brigand
   244 | D:4      | Noticed a phantom
   259 | D:4      | Slain by a phantom

Illustrated notes

Levels and vault maps discovered:
D:1:      lemuel_arrival_muddy, layout_rooms
D:2:      layout_basic, hellmonk_ecumenical_altar_leap_of_faith, uniq_sigmund
D:3:      minmay_goblin_kobold_castle, layout_basic, serial_shops,
          shop_fountains, uniq_robin
D:4:      layout_layer_cave, portal_sewer_entry_e, uniq_duvessa

Skill      XL: |  1  2 |
---------------+-------+-----
Fighting       | 4 |  4.1
Armour         | 4 |  4.0
Shields        | 4 |  4.0
Long Blades    | |  2.6

Action                   || total
-------------------------++-------
Melee: Long sword        ||    26
       Headbutt          ||     8
Armor: Scale mail        ||     9
Dodge: Dodged            ||     9
Block: Kite shield       ||    26
       Rpst.: Long sword ||     2
